 Dungeon Crawl Stone Soup version 0.28.0-53-g5a82cb258f (webtiles) character file.

Game seed: 4181730187417056335

15 Sin92 the Skirmisher (level 2, 0/24 HPs)
             Began as a Demonspawn Fighter on June 16, 2022.
             Slain by Terence
             ... wielding a +1 morningstar of protection
              (10 damage)
             ... on level 2 of the Dungeon.
             The game lasted 00:00:18 (158 turns).

Sin92 the Skirmisher (Demonspawn Fighter)            Turns: 158, Time: 00:00:18

Health: 0/24       AC:  7    Str: 16    XL:     2   Next: 34%
Magic:  2/2        EV:  9    Int:  9    God:
Gold:   0          SH:  4    Dex: 12    Spells: 1/1 levels left

rFire   . . .      SeeInvis .   a - +0 long sword
rCold   . . .      Faith    .   c - +0 buckler
rNeg    . . .      Spirit   .   b - +0 scale mail
rPois   .          Reflect  .   (no helmet)
rElec   .          Harm     .   (no cloak)
rCorr   .          Rampage  .   (no gloves)
Will    .....                   (no boots)
Stlth   ..........              (no amulet)
HPRegen 0.08/turn               (no ring)
MPRegen 0.08/turn               (no ring)

@: no status effects
A: sharp scales 1
a: no special abilities


You were on level 2 of the Dungeon.
You visited 1 branch of the dungeon, and saw 2 of its levels.

Inventory:

Hand Weapons
 a - a +0 long sword (weapon)
Armour
 b - a +0 scale mail (worn)
 c - a +0 buckler (worn)
Potions
 d - a potion of might


   Skills:
 + Level 3.1 Fighting
 * Level 2.1 Long Blades
 + Level 2.8 Armour
 + Level 0.4 Dodging
 + Level 2.8 Shields


You had one spell level left.
You didn't know any spells.
Your spell library was empty.

Dungeon Overview and Level Annotations

Branches:
Dungeon (1/15)

Altars:

Annotations:
D:2 Terence


Innate Abilities, Weirdness & Mutations

You are partially covered in razor-sharp scales. (AC +1, Slay +1)


Message History

HP restored.
Key pressed, stopping explore.
No target in view!
Unknown command.
Terence the Incautious comes into view.
He is wielding a +1 morningstar of protection.
Terence shouts!
Terence barely misses you.
Terence is nearby!
Unknown command.
You hit Terence but do no damage. Terence barely misses you.
Terence is nearby!
You hit Terence but do no damage. Terence barely misses you.
Unknown command.
Terence is nearby!
You barely miss Terence.
Terence hits you with a +1 morningstar of protection.
Terence bares his teeth.
Terence barely misses you.
Unknown command.
You barely miss Terence.
Terence hits you with a +1 morningstar of protection.
Unknown command.
Terence is nearby!
You closely miss Terence.
Terence hits you with a +1 morningstar of protection!
Unknown command.
Terence is nearby!
You are too injured to fight recklessly!
Terence is nearby!
Unknown command.
You are too injured to fight recklessly!
Unknown command.
Terence is nearby!
You are too injured to fight recklessly!
Terence is nearby!
You are too injured to fight recklessly!
Terence is nearby!
It was a potion of cancellation.
You feel magically purged.
Terence hits you with a +1 morningstar of protection!
You die...

#### #....#### #.#.#...
#.#.#@# ####...@.#
#....#.#########
#.##.#..........
#.#.#####.##†#..#######.
........#.##.#..#####
.#...###.#.#..........#
.....#...#.#.##.###.#.#
......................
#.......†#....#####. #


You could see Terence.

Vanquished Creatures
  An adder (D:2)
  A bat (D:2)
  2 hobgoblins (D:1)
  2 rats (D:1)
6 creatures vanquished.

Notes
Turn   | Place    | Note
-------+----------+-------------------------------------------
     0 | D:1      | Sin92 the Demonspawn Fighter began the quest for the Orb.
     0 | D:1      | Reached XP level 1. HP: 18/18 MP: 1/1
    59 | D:1      | You fall into a shaft and drop 1 floor!
    81 | D:2      | Gained mutation: You are partially covered in razor-sharp
                  | scales. (AC +1, Slay +1) [demonic ancestry]
    81 | D:2      | Reached XP level 2. HP: 18/24 MP: 2/2
   151 | D:2      | Noticed Terence
   158 | D:2      | Slain by Terence

Illustrated notes

Levels and vault maps discovered:
D:1:      wander_arrival_fairy_ring, layout_basic
D:2:      layout_basic, basic_altar, serial_shops, nicolae_shop_stone, shop,
          serial_park_tiny_1, uniq_sigmund, uniq_terence

Skill      XL: |  1 |
---------------+----+-----
Long Blades    | 2 |  2.1
Fighting       | |  3.1
Armour         | |  2.8
Dodging        | |  0.4
Shields        | |  2.8

Action                   || total
-------------------------++-------
Melee: Long sword        ||    22
  Use: Potion            ||     1
Armor: Scale mail        ||     7
Dodge: Dodged            ||    14
Block: Buckler           ||     4
